 Dungeon Crawl Stone Soup version 0.22-a0-456-g11ed031 (webtiles) character file.

5763 pk666 the Thaumaturge (level 10, 0/50 HPs)
             Began as a Deep Elf Fire Elementalist on June 7, 2018.
             Was a Believer of Vehumet.
             Slain by an orc
             ... wielding a +0 hand axe
              (3 damage)
             ... on level 8 of the Dungeon.
             The game lasted 00:32:17 (9896 turns).

pk666 the Thaumaturge (Deep Elf Fire Elementalist)  Turns: 9896, Time: 00:32:18

Health: 0/50       AC:  4    Str:  5    XL:     10   Next: 49%
Magic:  27/27      EV: 13    Int: 24    God:    Vehumet [**....]
Gold:   443        SH:  0    Dex: 15    Spells: 19/32 levels left

rFire    . . .     SeeInvis .   i - staff of cold
rCold    + . .     Gourm    .   (no shield)
rNeg     . . .     Faith    .   p - +1 robe {MR+}
rPois    .         Spirit   .   u - +1 hat
rElec    .         Reflect  .   x - scarf {cloud immunity}
rCorr    .         Harm     .   (no gloves)
MR       ++...                  (no boots)
Stlth    ++........             h - amulet of the acrobat
HPRegen  0.16/turn              (no ring)
MPRegen  0.20/turn              (no ring)

@: no status effects
A: no striking features
a: Renounce Religion


You were on level 8 of the Dungeon.
You worshipped Vehumet.
Vehumet was pleased with you.
You were not hungry.

You visited 2 branches of the dungeon, and saw 10 of its levels.

You collected 443 gold pieces.

Inventory:

Armour
 p - a +1 robe of magic resistance (worn)
 u - a +1 hat (worn)
 x - a scarf of cloud immunity (worn)
Magical Staves
 i - an uncursed staff of cold (weapon)
Jewellery
 h - an amulet of the acrobat (around neck)
Wands
 j - a wand of polymorph (14)
 k - a wand of iceblast (4)
Scrolls
 b - 2 scrolls of enchant weapon
 d - 5 scrolls of teleportation
 n - a scroll of immolation
 s - a scroll of fog {unknown}
 w - a scroll of remove curse
 y - a scroll of random uselessness {unknown}
Potions
 a - 2 potions of brilliance
 e - 2 potions of might {unknown}
 g - 6 potions of curing
 l - 3 potions of resistance
 m - 2 potions of flight {unknown}
 o - 2 potions of haste {unknown}
 q - 2 potions of agility {unknown}
 r - a potion of berserk rage {unknown}
 t - a potion of lignification {unknown}
 v - 2 potions of invisibility
Comestibles
 c - 14 rations
 f - 9 chunks of flesh


   Skills:
 - Level 2.4 Dodging
 - Level 2.4 Stealth
 + Level 11.8 Spellcasting
 + Level 10.3 Conjurations
 + Level 10.3 Fire Magic


You had 19 spell levels left.
You knew the following spells:

 Your Spells              Type           Power        Failure   Level  Hunger
a - Flame Tongue          Conj/Fire      #####        1%          1    None
b - Sticky Flame          Conj/Fire      ######..     1%          4    None
c - Conjure Flame         Conj/Fire      ######..     1%          3    None
z - Fireball              Conj/Fire      ######....   1%          5    ###....

Your spell library contained the following spells:

 Spells                   Type           Power        Failure   Level  Hunger
 Magic Dart               Conj           ####         1%          1    None
 Slow                     Hex            ##......     7%          2    None
 Confuse                  Hex            ##......     13%         3    None
 Throw Flame              Conj/Fire      ######       1%          2    None
 Mephitic Cloud           Conj/Pois/Air  ####....     3%          3    None
 Blink                    Tloc           N/A          7%          2    None
 Call Imp                 Summ           ##......     7%          2    None
 Tukima's Dance           Hex            ##......     13%         3    None
 Confusing Touch          Hex            ##....       4%          1    None
 Ensorcelled Hibernation  Hex/Ice        ###...       7%          2    None
 Metabolic Englaciation   Hex/Ice        ###.......   77%         5    ###....
 Corona                   Hex            ##.....      4%          1    None
 Petrify                  Tmut/Erth      ##......     41%         4    None
 Inner Flame              Hex/Fire       #####...     1%          3    None
 Dazzling Spray           Conj/Hex       #####.       1%          3    None
 Gell's Gravitas          Tloc           ##........   13%         3    None
 Yara's Violent Unravell  Hex/Tmut       ##........   77%         5    ###....


Dungeon Overview and Level Annotations

Branches:
Dungeon (9/15)             Temple (1/1) D:7
   Lair: D:8-11         Orc: D:9-12

Altars:
Ashenzari
Cheibriados
Dithmenos
Elyvilon
Fedhas
Gozag
Hepliaklqana
Kikubaaqudgha
Makhleb
Nemelex Xobeh
Okawaru
Qazlal
Ru
Sif Muna
Trog
Uskayaw
Vehumet
Wu Jian
Xom
Yredelemnul
Zin
The Shining One

Shops:
D:4 %


Message History

The orc warrior hits you from afar with a trident!!
* * * LOW HITPOINT WARNING * * *
The hippogriff bites you.
* * * LOW HITPOINT WARNING * * *
The hippogriff closely misses you. The hippogriff barely misses you.
The orc closely misses you. The hound barely misses you.
The sky beast hits you.
* * * LOW HITPOINT WARNING * * *
The sky beast shocks you.
* * * LOW HITPOINT WARNING * * *
The orc hits you but does no damage.
The bullfrog croaks.
You climb upwards.
There is a stone staircase leading down here.
Okay, then.
You feel better. The hippogriff bites you.
* * * LOW HITPOINT WARNING * * *
The hippogriff misses you. The hippogriff closely misses you.
The orc hits you with a hand axe.
You die...

#####
###########...######
#:.oho@HY..........####
#.#########...####.....
#.# ##### #.#### #.#
##########.# #.##
#..........#### #..#
#.########.##.. ##.#
#.#######...#.# #.#
#.............# #.#
#......##.).###


You could see a hippogriff, a sky beast, a hound and 2 orcs.

Vanquished Creatures
  Gastronok (D:8)
  The ghost of Nib the Skirmisher, a novice DrTm of Makhleb (D:8)
  A hippogriff (D:8)
  A hungry ghost (D:8)
  Duvessa (D:6)
  3 sky beasts
  An orc warrior (D:6)
  3 phantoms
  A necrophage (D:7)
  5 ogres
  2 centaurs (D:6)
  A wyvern zombie (D:5)
  2 bullfrogs
  A scorpion (D:6)
  Dowan (D:6)
  6 killer bees (D:8)
  An electric eel (D:9)
  5 wights (D:8)
  3 howler monkeys (D:8)
  5 crimson imps
  A centaur zombie (D:5)
  2 hounds
  4 jellies
  3 orc priests
  2 centaur skeletons
  3 orc wizards
  2 iguanas (D:4)
  3 worker ants
  A hell rat (D:8)
  A hound skeleton (D:4)
  Robin (D:2)
  6 river rats (D:8)
  8 adders
  A shadow imp (D:8)
  2 adder zombies
  2 adder skeletons
  7 worms
  A dart slug (D:5)
  4 leopard geckos
  19 orcs
  7 bats
  6 giant cockroaches
  14 goblins
  7 hobgoblins
  3 jackals (D:3)
  9 quokkas
  4 frilled lizards
  11 kobolds
  A leopard gecko zombie (D:8)
  A quokka zombie (D:7)
  20 rats
201 creatures vanquished.

Notes
Turn   | Place    | Note
-------+----------+-------------------------------------------
     0 | D:1      | pk666 the Deep Elf Fire Elementalist began the quest for the Orb.
     0 | D:1      | Reached XP level 1. HP: 10/10 MP: 6/6
   290 | D:1      | Reached XP level 2. HP: 15/15 MP: 4/8
   964 | D:2      | Reached XP level 3. HP: 19/19 MP: 7/10
  1523 | D:2      | Noticed Robin
  1537 | D:2      | Reached XP level 4. HP: 19/24 MP: 3/11
  1688 | D:1      | Learned a level 4 spell: Sticky Flame
  1692 | D:1      | Learned a level 3 spell: Conjure Flame
  1698 | D:2      | Killed Robin
  1699 | D:2      | Reached skill level 4 in Spellcasting
  2061 | D:2      | Found a faded altar of an unknown god.
  2261 | D:3      | Found a basalt altar of Yredelemnul.
  2475 | D:3      | Reached XP level 5. HP: 28/28 MP: 10/13
  2745 | D:3      | Found an ornate altar of the Wu Jian Council.
  2920 | D:4      | Found Rurphist's Food Emporium.
  3271 | D:4      | Reached XP level 6. HP: 32/32 MP: 6/15
  3338 | D:4      | Learned a level 5 spell: Fireball
  3407 | D:4      | Reached skill level 5 in Spellcasting
  3407 | D:4      | Reached skill level 5 in Conjurations
  3580 | D:4      | Reached skill level 5 in Fire Magic
  3710 | D:4      | Got a dazzling buckler
  3716 | D:4      | Identified the cursed +0 buckler of the Wilderness {-Tele rPois Str+7} (You found it on level 4 of the Dungeon)
  3743 | D:4      | You fall through a shaft for 2 floors!
  3954 | D:6      | Noticed Duvessa
  3954 | D:6      | Noticed Dowan
  4028 | D:6      | Killed Dowan
  4028 | D:6      | Reached XP level 7. HP: 27/36 MP: 1/17
  4032 | D:6      | Killed Duvessa
  4032 | D:6      | Reached skill level 6 in Spellcasting
  4465 | D:5      | Entered Level 5 of the Dungeon
  5041 | D:5      | Found a shattered altar of Ashenzari.
  5060 | D:5      | Reached skill level 7 in Spellcasting
  5320 | D:5      | Reached XP level 8. HP: 29/41 MP: 4/20
  6182 | D:6      | Reached skill level 8 in Spellcasting
  6964 | D:6      | Reached skill level 9 in Spellcasting
  7126 | D:7      | Reached XP level 9. HP: 45/45 MP: 24/24
  7665 | D:7      | Found a hazy altar of Hepliaklqana.
  7669 | D:7      | Found an ancient bone altar of Kikubaaqudgha.
  7672 | D:7      | Found a shadowy altar of Dithmenos.
  7877 | D:7      | Found a staircase to the Ecumenical Temple.
  7882 | Temple   | Entered the Ecumenical Temple
  7948 | Temple   | Became a worshipper of Vehumet
  8490 | D:8      | Reached skill level 10 in Spellcasting
  8646 | D:8      | Reached * piety under Vehumet
  8646 | D:8      | Offered knowledge of Shock by Vehumet.
  9027 | D:8      | Offered knowledge of Throw Frost by Vehumet.
  9064 | D:8      | Noticed Gastronok
  9095 | D:8      | Killed Gastronok
  9095 | D:8      | Reached ** piety under Vehumet
  9095 | D:8      | Reached skill level 11 in Spellcasting
  9095 | D:8      | Reached XP level 10. HP: 50/50 MP: 19/27
  9137 | D:8      | Reached skill level 10 in Fire Magic
  9176 | D:8      | Noticed Nib's ghost (novice DrTm)
  9187 | D:8      | Killed Nib's ghost
  9187 | D:8      | Reached skill level 10 in Conjurations
  9823 | D:9      | Noticed a two-headed ogre
  9894 | D:9      | HP: 1/50 [sky beast (6)]
  9896 | D:8      | Slain by an orc

Vault maps used:
D:1:      nicolae_arrival_memento_mori
D:2:      chequers_ecumenical_altar_grove, minmay_pentomino_s2, uniq_robin
D:3:      marbit_many_paths, yredelemnul_altar_generic
D:4:      serial_shops, shop, kennysheep_potato
D:5:      first_ration, basic_altar
D:6:      uniq_duvessa
D:7:      minmay_overflow_temple_star_quad, minmay_temple_entry_nine_rooms
D:8:      lemuel_ratsnest, uniq_gastronok
D:9:      kennysheep_little_box, orc_david_3, hangedman_fish_farm
Temple:   minmay_crystal_spiral_temple

Skill      XL: |  1  2  3  4  5  6  7  8  9 10 |
---------------+-------------------------------+-----
Conjurations   | 2 3 4 5 6 7 9 10 | 10.3
Fire Magic     | 4 5 6 7 9 10 | 10.3
Spellcasting   | 4 5 7 9 11 | 11.8
Dodging        | |  2.4
Stealth        | |  2.4

Action                   |  1- 3 |  4- 6 |  7- 9 | 10-12 || total
-------------------------+-------+-------+-------+-------++-------
Melee: Unarmed           |     1 |       |       |       ||     1
       Staff             |       |       |     5 |       ||     5
 Cast: Flame Tongue      |    74 |   108 |   188 |    27 ||   397
       Sticky Flame      |       |     5 |     5 |     5 ||    15
       Conjure Flame     |       |     1 |    20 |     2 ||    23
       Fireball          |       |       |    15 |     3 ||    18
Evoke: Wand              |       |       |    13 |     1 ||    14
  Use: Scroll            |       |     7 |     3 |       ||    10
       Potion            |       |       |       |     1 ||     1
  Eat: Chunk             |     2 |     8 |    18 |     3 ||    31
Armor: Robe              |     4 |     4 |     7 |     3 ||    18
Dodge: Dodged            |    22 |    27 |    58 |    23 ||   130

Table legend:
 A = Spawn XP
 B = Non-spawn XP
 C = Spawn XP percentage of total XP
 D = Spawn monster count
 E = Non-spawn monster count
 F = Spawn count percentage of total count
 G = Total turns spent on level
                    A         B        C        D         E        F      G
               +---------+---------+-------+---------+---------+-------+---------
         Total |       0 |    8234 |   0.0 |       0 |     201 |   0.0 |  9896
               +---------+---------+-------+---------+---------+-------+---------
           D:1 |       0 |      31 |   0.0 |       0 |      20 |   0.0 |  1137
           D:2 |       0 |     122 |   0.0 |       0 |      35 |   0.0 |  1123
           D:3 |       0 |      65 |   0.0 |       0 |      20 |   0.0 |   539
           D:4 |       0 |     550 |   0.0 |       0 |      15 |   0.0 |  1456
           D:5 |       0 |     697 |   0.0 |       0 |      17 |   0.0 |  1070
           D:6 |       0 |    1210 |   0.0 |       0 |      22 |   0.0 |  1717
           D:7 |       0 |     755 |   0.0 |       0 |      12 |   0.0 |   974
           D:8 |       0 |    4746 |   0.0 |       0 |      59 |   0.0 |  1697
           D:9 |       0 |      58 |   0.0 |       0 |       1 |   0.0 |    11
               +---------+---------+-------+---------+---------+-------+---------
